 Dungeon Crawl Stone Soup version 0.27.1-15-g792fb953b9 (webtiles) character file.

Game seed: 8147513731016586638

60 zeram the Shield-Bearer (level 4, -1/29 HPs)
             Began as a Gargoyle Fighter on Nov 19, 2021.
             Slain by a gnoll (8 damage)
             ... on level 2 of the Dungeon.
             The game lasted 00:02:09 (1422 turns).

zeram the Shield-Bearer (Gargoyle Fighter)          Turns: 1422, Time: 00:02:09

Health: -1/29      AC: 10    Str: 21    XL:     4   Next: 4%
Magic:  4/4        EV:  7    Int:  8    God:
Gold:   69         SH:  9    Dex:  9    Spells: 3/3 levels left

rFire    . . .     SeeInvis .   e - +0 whip
rCold    . . .     Faith    .   c - +0 kite shield
rNeg     + . .     Spirit   .   b - +0 scale mail
rPois    ∞         Reflect  .   (no helmet)
rElec    +         Harm     .   (no cloak)
rCorr    .         Rampage  .   (no gloves)
Will     .....                  (no boots)
Stlth    ..........             (no amulet)
HPRegen  0.09/turn              (no ring)
MPRegen  0.09/turn              (no ring)

@: no status effects
A: sickness immunity, AC +3, negative energy resistance 1, electricity
resistance, torment resistance 1, petrification resistance
a: no special abilities


You were on level 2 of the Dungeon.
You visited 1 branch of the dungeon, and saw 2 of its levels.

You collected 69 gold pieces.

Inventory:

Hand Weapons
 a - a +0 flail
 e - a +0 whip (weapon)
Armour
 b - a +0 scale mail (worn)
 c - a +0 kite shield (worn)
Potions
 d - a potion of might
 f - a potion of resistance {unknown}
 g - a potion of curing {unknown}
 h - 2 potions of attraction {unknown}


   Skills:
 + Level 3.9 Fighting
 - Level 2.0 Maces & Flails
 + Level 4.0 Armour
 + Level 4.1 Shields


You had 3 spell levels left.
You didn't know any spells.
Your spell library contained the following spells:

 Spells                   Type           Power      Damage    Failure   Level
 Ensorcelled Hibernation  Hex/Ice        0%         N/A       100%        2
 Spider Form              Tmut/Pois      0%         N/A       100%        3
 Shadow Creatures         Summ           N/A        N/A       100%        6


Dungeon Overview and Level Annotations

Branches:
Dungeon (2/15)

Altars:

Shops:
D:1 !


Innate Abilities, Weirdness & Mutations

You are immune to sickness and miasma.
Your stone body is resilient. (AC +3)
You are immune to poison.
You resist negative energy. (rN+)
You are resistant to electric shocks. (rElec)
You are resistant to unholy torment.
You are immune to petrification.


Message History

Where to? (Enter - D:2, ? - help)
There is a stone staircase leading down here.
You climb downwards.
The frilled lizard bites you but does no damage.
You block the frilled lizard's attack.
There is a stone staircase leading up here.
There are monsters nearby!
You hit the frilled lizard.
You kill the frilled lizard!
You block the gnoll's attack. You block the gnoll's attack.
The gnoll hits you with a +0 spear.
You closely miss the gnoll. You block the gnoll's attack.
The gnoll closely misses you.
You barely miss the gnoll. You block the gnoll's attack.
The gnoll hits you with a +0 halberd!
You hit the gnoll.
The gnoll is moderately wounded.
The gnoll hits you but does no damage. You block the gnoll's attack.
Unknown command.
You hit the gnoll.
The gnoll is moderately wounded.
The gnoll hits you with a +0 spear. You block the gnoll's attack. x3
You hit the gnoll.
The gnoll is heavily wounded.
The gnoll hits you with a +0 spear. The gnoll barely misses you.
You are too injured to fight recklessly!
You are too injured to fight recklessly!
Unknown command.
You hit the gnoll.
The gnoll is almost dead.
The gnoll barely misses you. You block the gnoll's attack.
You hit the gnoll but do no damage.
The gnoll is almost dead.
The gnoll hits you but does no damage. You block the gnoll's attack.
You closely miss the gnoll.
The gnoll is almost dead.
The gnoll hits you with a +0 spear.
* * * LOW HITPOINT WARNING * * *
The gnoll hits you with a +0 halberd!
You die...

#)......## #.######.#
####........# #.# #.#
............####.######.#
.......####.##.......##.#
.......# #..#.#.###+##.#
############.#.#........#
#......†.#......#
#.......<#.....##
#.......@......#
#.....>gg#######
######..w.......
.w........##.....
.................
.........>#......
.##.....#.#......
#.....#.# .#... #######.#
.. .


You could see a worm and 2 gnolls.

Vanquished Creatures
  A gnoll (D:1)
  A worm (D:2)
  3 dart slugs
  3 ball pythons
  5 endoplasms (D:1)
  2 giant cockroaches (D:1)
  4 goblins (D:1)
  3 hobgoblins
  3 jackals (D:1)
  7 bats
  2 frilled lizards
  4 rats (D:1)
38 creatures vanquished.

Notes
Turn   | Place    | Note
-------+----------+-------------------------------------------
     0 | D:1      | zeram the Gargoyle Fighter began the quest for the Orb.
     0 | D:1      | Reached XP level 1. HP: 14/14 MP: 1/1
   285 | D:1      | Reached XP level 2. HP: 19/19 MP: 2/2
   574 | D:1      | Reached XP level 3. HP: 24/24 MP: 3/3
   593 | D:1      | Found Zuudiem's Distillery.
  1201 | D:1      | Reached XP level 4. HP: 10/29 MP: 4/4
  1422 | D:2      | Slain by a gnoll

Illustrated notes

Levels and vault maps discovered:
D:1:      mushboom_english_gardens, layout_basic, serial_shops, shop_fountains
D:2:      layout_basic, ebering_ecumenical_altar_hall, serial_shops, shop

Skill      XL: |  1  2  3 |
---------------+----------+-----
Shields        | 4 |  4.1
Armour         | 4 |  4.0
Fighting       | |  3.9
Maces & Flails | |  2.0

Action                   |  1- 3 |  4- 6 || total
-------------------------+-------+-------++-------
Melee: Flail             |   122 |       ||   122
       Whip              |       |     9 ||     9
  Use: Scroll            |     2 |       ||     2
Armor: Scale mail        |    80 |     3 ||    83
Dodge: Dodged            |    36 |     3 ||    39
Block: Kite shield       |    68 |    11 ||    79
